 Dungeon Crawl Stone Soup version 0.30-a0-591-g3c58d2bc28 (webtiles) character file.

Game seed: 2213110508561822372

3007 bmack86 the Cleaver (level 9, -11/118 HPs)
             Began as a Minotaur Berserker on Jan 5, 2023.
             Was an Elder of Trog.
             Mangled by Grum
             ... wielding a -2 heavy spear
              (22 damage)
             ... on level 8 of the Dungeon.
             The game lasted 00:15:19 (4901 turns).

bmack86 the Cleaver (Minotaur Berserker)            Turns: 4901, Time: 00:15:20

Health: -11/118    AC: 13    Str: 25    XL:     9   Next: 54%
Magic:  8/8        EV:  9    Int:  4    God:    Trog [****..]
Gold:   272        SH:  0    Dex: 11    Spells: 8/8 levels left

rFire   . . .      SeeInvis .    a - +1 hand axe (flame)
rCold   . . .      Faith    .    (no shield)
rNeg    . . .      Spirit   .    B - +0 plate armour
rPois   .          Reflect  .    (helmet restricted)
rElec   .          Harm     .    (no cloak)
rCorr   +          Rampage  .    (no gloves)
Will    .....                    (no boots) Stlth
                                 (no amulet)
HPRegen 0.39/turn                g - +4 ring of slaying
MPRegen 0.11/turn                l - ring of resist corrosion

@: berserking, lethally poisoned (-11 -> -25), slowed
A: horns 2, retaliatory headbutt
a: Renounce Religion, Berserk, Trog's Hand, Brothers in Arms


You were on level 8 of the Dungeon.
You worshipped Trog.
Trog was greatly pleased with you.
You visited 1 branch of the dungeon, and saw 8 of its levels.

You collected 272 gold pieces.

Inventory:

Hand Weapons
 a - a +1 hand axe of flaming (weapon)
Missiles
 h - 6 boomerangs (quivered)
 m - 8 poisoned darts
 z - a throwing net
Armour
 B - a +0 plate armour (worn)
Jewellery
 g - a +4 ring of slaying (left hand)
 l - a ring of resist corrosion (right hand)
 q - a ring of magical power
Wands
 o - a wand of flame (11)
 w - a wand of light (8)
 y - a wand of charming (12)
Scrolls
 f - a scroll of magic mapping
 n - a scroll of blinking
 u - a scroll of fear
 x - 2 scrolls of teleportation
Potions
 b - 4 potions of haste
 c - a potion of berserk rage {unknown}
 d - 2 potions of attraction
 e - a potion of lignification
 i - a potion of resistance {unknown}
 j - 2 potions of mutation {unknown}
 k - 2 potions of heal wounds
 r - 2 potions of flight {unknown}
 s - a potion of curing {unknown}
 t - 2 potions of cancellation {unknown}
 v - a potion of brilliance {unknown}


   Skills:
 + Level 7.4 Fighting
 * Level 10.0 Axes
 + Level 5.1 Throwing
 + Level 7.0 Armour
 + Level 6.2 Dodging


You had 8 spell levels left.
You didn't know any spells.
Your spell library was empty.

Dungeon Overview and Level Annotations

Branches:
Dungeon (7/15)             Temple (0/1) D:6

Altars:
Cheibriados
Nemelex Xobeh
Zin

Shops:
D:3 (

Annotations:
D:3 1 runed translucent door
D:8 Grum


Innate Abilities, Weirdness & Mutations

You have a pair of horns on your head.
You reflexively headbutt those who attack you in melee.


Message History

You slash the yak! You burn the yak!
You kill the yak!
Trog accepts your kill.
You barely miss the hornet. You hit Grum but do no damage.
The hornet stings you!
You suddenly lose the ability to move!
Grum hits you with a -2 heavy spear.
Your Throwing skill increases to level 5!
The hornet stings you.
You feel yourself slow down. The hornet stings you.
You are poisoned.
You feel as though you will be slow longer.
The yak gores you but does no damage.
You feel very sick. The hornet stings you!
You are more poisoned.
You feel as though you will be slow longer.
Grum hits you but does no damage. The yak gores you but does no damage.
You feel very sick. The hornet stings you.
You feel as though you will be slow longer.
The hornet stings you.
You are more poisoned.
You shrug off the repeated paralysis!
Grum hits you with a -2 heavy spear!
* * * LOW HITPOINT WARNING * * *
The yak gores you!
* * * LOW HITPOINT WARNING * * *
You can move again.
You slice the hornet!! You burn the hornet.
You kill the hornet!
Trog accepts your kill.
You can now call in reinforcements.
You hit the yak. You burn the yak. You barely miss Grum.
* * * LOW HITPOINT WARNING * * *
You feel very sick. The yak gores you.
* * * LOW HITPOINT WARNING * * *
Your Axes skill increases to level 10!
Your Armour skill increases to level 7!
The yak attacks as you move away! The yak gores you but does no damage.
* * * LOW HITPOINT WARNING * * *
You feel very sick.
Grum hits you from afar with a -2 heavy spear!!
You die...

#..##..###
##.......## #
#........# #
.####...###
.. #.#####.##
...#.#.##...#
....>.......#
......Y....##
......Y†@..#
......g#...#
......!S..##
..........#
#.........#
.........#.
......####.#
.....# ..


You could see Grum, 2 yaks and a water moccasin.

Vanquished Creatures
  The ghost of bmack86 the Chopper, an amateur MiFi (D:3)
  A hornet (D:8)
  Prince Ribbit (D:6)
  A shadow (D:6)
  A yak (D:8)
  A steam dragon (D:6)
  An orc warrior (D:6)
  2 ogres
  A centaur (D:5)
  4 wolves (D:8)
  A bullfrog (D:5)
  Blork the orc (D:5)
  3 necrophages
  2 gnoll sergeants
  5 scorpions
  A howler monkey (D:5)
  2 hounds (D:6)
  2 jellies (D:6)
  3 iguanas (D:5)
  An orc wizard (D:6)
  12 gnolls
  11 adders
  A shadow imp (D:3)
  A worm (D:3)
  3 dart slugs
  10 orcs
  9 ball pythons
  4 bats
  8 endoplasms
  2 giant cockroaches (D:3)
  5 goblins
  6 hobgoblins
  2 jackals (D:1)
  10 kobolds
  3 quokkas (D:1)
  5 frilled lizards
  5 rats
132 creatures vanquished.

Vanquished Creatures (others)
  7 plants (D:5)
7 creatures vanquished.

Grand Total: 139 creatures vanquished

Notes
Turn   | Place    | Note
-------+----------+-------------------------------------------
     0 | D:1      | bmack86 the Minotaur Berserker began the quest for the Orb.
     0 | D:1      | Reached XP level 1. HP: 19/19 MP: 0/0
    52 | D:1      | Reached XP level 2. HP: 27/27 MP: 1/1
    54 | D:1      | Reached skill level 4 in Axes
   666 | D:2      | Reached XP level 3. HP: 26/33 MP: 2/2
   751 | D:2      | Reached ** piety under Trog
   809 | D:2      | Found a faded altar of an unknown god.
  1285 | D:3      | Noticed a necrophage
  1287 | D:3      | Reached XP level 4. HP: 40/40 MP: 3/3
  1290 | D:3      | Killed a necrophage
  1291 | D:3      | Reached skill level 5 in Axes
  1291 | D:3      | Reached skill level 1 in Throwing
  1362 | D:3      | Found Rataff's Weapon Shoppe.
  1380 | D:3      | Reached XP level 5. HP: 47/47 MP: 4/4
  1524 | D:3      | Found a runed translucent door.
  1525 | D:3      | Noticed bmack86's ghost (amateur MiFi)
  1803 | D:3      | Found a runed translucent door.
  1820 | D:3      | Killed bmack86's ghost
  1821 | D:3      | Reached skill level 6 in Axes
  1821 | D:3      | Reached XP level 6. HP: 55/55 MP: 5/5
  1958 | D:4      | Reached skill level 5 in Fighting
  2226 | D:4      | Reached *** piety under Trog
  2374 | D:5      | Entered Level 5 of the Dungeon
  2404 | D:5      | Reached XP level 7. HP: 55/61 MP: 6/6
  2512 | D:5      | Found a glowing silver altar of Zin.
  2546 | D:5      | Reached skill level 7 in Axes
  2548 | D:5      | Found a sparkling altar of Nemelex Xobeh.
  2586 | D:5      | Reached skill level 5 in Armour
  2786 | D:5      | Noticed Blork the orc
  2790 | D:5      | Killed Blork the orc
  2791 | D:5      | Reached XP level 8. HP: 70/70 MP: 7/7
  3342 | D:6      | Reached skill level 8 in Axes
  3342 | D:6      | Reached skill level 5 in Dodging
  3841 | D:6      | Found a staircase to the Ecumenical Temple.
  3869 | D:6      | Noticed Prince Ribbit
  3882 | D:6      | Killed Prince Ribbit
  3883 | D:6      | Reached skill level 9 in Axes
  3883 | D:6      | Reached XP level 9. HP: 78/78 MP: 8/8
  4135 | D:6      | Identified the +6 morningstar of the Curious Queens
                  | {protect, Dex+4}
  4214 | D:6      | Found a snail-covered altar of Cheibriados.
  4863 | D:7      | You fall into a shaft and drop 1 floor!
  4882 | D:8      | Noticed Grum
  4896 | D:8      | Paralysed by a hornet for 3 turns
  4897 | D:8      | Reached skill level 5 in Throwing
  4900 | D:8      | Reached **** piety under Trog
  4901 | D:8      | Reached skill level 10 in Axes
  4901 | D:8      | Mangled by Grum

Illustrated notes

Levels and vault maps discovered:
D:1:      matt_arrival_diagonals, layout_basic, st_stairs_2
D:2:      layout_loops_ring, hellmonk_ecumenical_altar_defaced_shrine
D:3:      layout_rooms, serial_shops, shop, ebering_ghost_sewer_f
D:4:      layout_cave_pools
D:5:      layout_loops_ring, mainiacjoe_overflow_chevrons,
          mainiacjoe_overflow_catwalk, minmay_misc_feat_iff, uniq_blork_the_orc
D:6:      layout_basic, chei_slow_surprise, minmay_temple_entry_sparse_star,
          uniq_prince_ribbit1
D:7:      layout_rooms, grunt_temple_overflow_open, tgw_trog
D:8:      layout_cave_pools, gammafunk_temple_overflow_wave,
          grunt_decor_clamped, uniq_maggie, uniq_grum, uniq_erica

Skill      XL: |  1  2  3  4  5  6  7  8  9 |
---------------+----------------------------+-----
Axes           | 4 5 6 7 9 10 | 10.0
Fighting       | 4 5 6 7 |  7.4
Armour         | 3 4 5 6 7 |  7.0
Throwing       | 1 2 3 4 5 |  5.1
Dodging        | 3 4 5 6 |  6.2

Action                   |  1- 3 |  4- 6 |  7- 9 || total
-------------------------+-------+-------+-------++-------
Melee: Hand axe          |    42 |    25 |    77 ||   144
       Headbutt          |     5 |     1 |    16 ||    22
       Punch             |       |       |     1 ||     1
Throw: Boomerang         |    20 |    58 |   100 ||   178
Invok: Berserk           |     1 |     2 |     2 ||     5
  Use: Scroll            |     8 |     4 |     2 ||    14
Armor: Animal skin       |    11 |       |       ||    11
       Leather armour    |     3 |     3 |       ||     6
       Scale mail        |       |     5 |    17 ||    22
       Plate armour      |       |       |    13 ||    13
Dodge: Dodged            |    28 |    15 |    37 ||    80

Table legend: (Time is in decaauts)
 A = Elapsed time spent in this place.
 B = Non-inter-level travel time spent in this place.
 C = Inter-level travel time spent in this place.
 D = Time resting spent in this place.
 E = Time spent auto-exploring this place.
 F = Levels seen in this place.
 G = Mean time per level.
                   A        B        C        D        E       F      G
               +--------+--------+--------+--------+--------+-----+--------+
         Total |   4954 |   4827 |    127 |     83 |   3627 |   8 |  619.2 |
       Dungeon |   4954 |   4827 |    127 |     83 |   3627 |   8 |  619.2 |
               +--------+--------+--------+--------+--------+-----+--------+

Top non-repeatable levels by time:
     D:6: 1467 daAuts
     D:5: 895 daAuts
     D:2: 697 daAuts
     D:3: 669 daAuts
     D:1: 602 daAuts
     D:4: 449 daAuts
     D:7: 138 daAuts
     D:8: 33 daAuts
